[Event "Malawi Open Chess Chp"]
[Site "followchess.com"]
[Date "2022.06.10"]
[Round "2"]
[White "Kamwendo Precious"]
[Black "Mwale, Joseph"]
[Result "1-0"]
[WhiteElo "1934"]
[BlackElo "2154"]
[ECO "C77"]
[WhiteFed "MAW"]
[BlackFed "MAW"]
[FCGameId "1451346203"]
[WhiteFideId "20500785"]
[BlackFideId "16400135"]
[TimeControl "5400"]

1. e4 e5 2. Nf3 Nc6 3. Bb5 a6 4. Ba4 Nf6 5. d3 b5 6. Bb3 Be7 7. Bd5 Nxd5 8. exd5 Nd4 9. Nxe5 d6 10. Nf3 Bg4 11. Nbd2 O-O 12. c3 Nxf3+ 13. Nxf3 Bf6 14. O-O Qd7 15. h3 Bh5 16. a4 Bg6 17. Be3 Qf5 18. Bd4 Bxd4 19. Nxd4 Qxd5 20. axb5 axb5 21. Re1 Rxa1 22. Qxa1 Bxd3 23. Qa5 c6 24. Qb6 g6 25. Nxc6 Kg7 26. Rd1 Qc4 27. Nb4 Bf5 28. Qxd6 Re8 29. Nd5 Re6 30. Qf4 Qxf4 31. Nxf4 Re4 32. Rd4 Re1+ 33. Kh2 g5 34. Nh5+ Kg6 35. Ng3 Be6 36. Re4 Rd1 37. Ne2 Rd2 38. Nd4 Rxf2 39. Nxe6 fxe6 40. Rb4 Rf5 41. g4 Rd5 42. Kg3 Kf6 43. Kf3 Ke5 44. Ke3 Rc5 45. Kd3 Kd5 46. b3 Kd6 47. Rd4+ Ke7 48. c4 bxc4+ 49. Rxc4 Rd5+ 50. Kc3 Re5 51. Rc7+ Kd6 52. Rxh7 Re3+ 53. Kc4 Re4+ 54. Kb5 Re5+ 55. Ka4 Kc6 56. b4 Kb6 57. Rh5 Re3 58. Rxg5 Rxh3 59. Rg6 Re3 60. g5 Ka6 61. Rf6 Re1 62. g6 Kb7 63. Kb5 Re5+ 64. Kc4 Re4+ 65. Kc5 Re5+ 66. Kd6 Rb5 67. g7 Rg5 68. Rf7+ Kb6 69. Kxe6 Kc6 70. Kf6 Rg1 71. Ke7 Kd5 1-0

[Event "Malawi Open Chess Chp"]
[Site "followchess.com"]
[Date "2022.06.10"]
[Round "2"]
[White "Luanja, Geoffrey"]
[Black "Mawango Davie"]
[Result "1-0"]
[WhiteElo "2150"]
[BlackElo "1888"]
[ECO "D02"]
[WhiteFed "ZAM"]
[BlackFed "MAW"]
[FCGameId "-317559020"]
[WhiteFideId "8704287"]
[BlackFideId "20500238"]
[TimeControl "5400"]

1. d4 d5 2. Nf3 Nc6 3. c4 Bg4 4. cxd5 Bxf3 5. gxf3 Qxd5 6. e3 e5 7. Nc3 Qa5 8. d5 O-O-O 9. Bd2 Nce7 10. e4 Qb6 11. Qc2 Ng6 12. h4 h5 13. Rc1 Bb4 14. Nb5 Bxd2+ 15. Qxd2 Rd7 16. a4 Nf4 17. a5 Qg6 18. Nxa7+ Kb8 19. Nc6+ bxc6 20. Qb4+ Kc8 21. Ba6+ Kd8 22. Qf8# 1-0

[Event "Malawi Open Chess Chp"]
[Site "followchess.com"]
[Date "2022.06.10"]
[Round "2"]
[White "Chiona, Richard"]
[Black "Chimthere, Alfred Charles"]
[Result "1-0"]
[WhiteElo "1896"]
[BlackElo "2047"]
[ECO "A29"]
[WhiteFed "MAW"]
[BlackFed "MAW"]
[FCGameId "781790008"]
[WhiteFideId "20500882"]
[BlackFideId "16400046"]
[TimeControl "5400"]

1. c4 e5 2. Nc3 Nf6 3. Nf3 Nc6 4. g3 Bb4 5. Bg2 Bxc3 6. bxc3 O-O 7. O-O d6 8. Qc2 Bg4 9. h3 Be6 10. d3 h6 11. Rb1 Rb8 12. Ba3 Qd7 13. Kh2 Rfe8 14. e4 Ne7 15. Nd2 g5 16. d4 Qd8 17. Rfd1 Ng6 18. d5 Bd7 19. c5 dxc5 20. Bxc5 b6 21. Ba3 Nh7 22. c4 Qf6 23. Kg1 c5 24. dxc6 Bxc6 25. Nf1 Rbd8 26. Ne3 Nhf8 27. Nd5 Qg7 28. Ne3 Qf6 29. Ng4 Qg7 30. Ne3 Qf6 31. Ng4 Qh8 32. Rd3 Rxd3 33. Qxd3 h5 34. Ne3 Bd7 35. Qd6 Be6 36. Nd5 Rc8 37. c5 bxc5 38. Bxc5 a5 39. Be3 Nh7 40. Rb7 Qg7 41. Ra7 h4 42. g4 Bxd5 43. Qxd5 Nf6 44. Qxa5 Re8 45. Bxg5 Nf4 46. Bxf4 exf4 47. e5 Nxg4 48. hxg4 Qxg4 49. Qd5 Re6 50. Ra8+ Kh7 51. Ra7 Kg7 52. Qd7 Qg6 53. Qxf7+ Qxf7 54. Rxf7+ Kxf7 55. Bd5 Ke7 56. Bxe6 Kxe6 57. Kg2 Kxe5 58. a4 Ke4 59. a5 f3+ 60. Kg1 Kd3 61. a6 h3 62. a7 Ke2 63. a8=Q h2+ 64. Kxh2 Kxf2 65. Qf8 Ke2 66. Kg3 1-0

[Event "Malawi Open Chess Chp"]
[Site "followchess.com"]
[Date "2022.06.10"]
[Round "2"]
[White "Foster Ken"]
[Black "Mwale, George"]
[Result "1-0"]
[WhiteElo "1886"]
[BlackElo "2025"]
[ECO "B01"]
[WhiteFed "MAW"]
[BlackFed "MAW"]
[FCGameId "-1015038891"]
[WhiteFideId "20502109"]
[BlackFideId "20500254"]
[TimeControl "5400"]

1. e4 d5 2. exd5 Nf6 3. b3 Nxd5 4. Bb2 Nf6 5. Nf3 e6 6. Bb5+ Nbd7 7. O-O a6 8. Be2 Bd6 9. d3 O-O 10. Nbd2 b6 11. Ne4 Be7 12. Nd4 Bb7 13. Bf3 Nxe4 14. Bxe4 Bxe4 15. dxe4 Bd6 16. Nc6 Qg5 17. e5 Nxe5 18. f4 Nf3+ 19. Qxf3 Qc5+ 20. Rf2 Bxf4 21. b4 Qd6 22. Qxf4 Qxc6 23. Qg5 f6 24. Rxf6 Rxf6 25. Bxf6 Qd7 26. Be5 Rf8 27. Qg4 Qf7 28. h3 g6 29. Qg3 Qf5 30. c3 c5 31. bxc5 bxc5 32. Rd1 a5 33. Kh2 Qc2 34. Rd7 Rf2 35. Rg7+ Kf8 36. Qg5 1-0

[Event "Malawi Open Chess Chp"]
[Site "followchess.com"]
[Date "2022.06.10"]
[Round "2"]
[White "Nyambalo, Joseph Xavier"]
[Black "Mpinganjira Stanley Frank"]
[Result "0-1"]
[WhiteElo "2043"]
[BlackElo "1700"]
[ECO "A05"]
[WhiteFed "MAW"]
[BlackFed "MAW"]
[FCGameId "1312463371"]
[WhiteFideId "20500041"]
[BlackFideId "20501960"]
[TimeControl "5400"]

1. Nf3 Nf6 2. g3 e6 3. Bg2 d5 4. d3 Be7 5. O-O O-O 6. Nbd2 c5 7. e4 Nc6 8. e5 Nd7 9. Re1 Qc7 10. Qe2 b5 11. Nf1 a5 12. Bf4 a4 13. c3 a3 14. b3 Bb7 15. Rac1 Qb6 16. h4 b4 17. c4 dxc4 18. dxc4 Nd4 19. Nxd4 cxd4 20. Rcd1 Bxg2 21. Kxg2 Rfd8 22. Nd2 Nc5 23. Ne4 Qc6 24. Qf3 Rac8 25. Nxc5 Qxf3+ 26. Kxf3 Bxc5 27. Rd3 Rd7 28. h5 h6 29. g4 Be7 30. Red1 Rcd8 31. Ke4 f6 32. Bg3 Kf7 33. f4 g6 34. hxg6+ Kxg6 35. f5+ Kf7 36. Rxd4 Rxd4+ 37. Rxd4 exf5+ 38. gxf5 fxe5 39. Rxd8 Bxd8 40. Bxe5 Be7 41. Kd5 Ke8 42. c5 Kd7 43. c6+ Kc8 44. f6 Bf8 45. Bd6 0-1

[Event "Malawi Open Chess Chp"]
[Site "followchess.com"]
[Date "2022.06.10"]
[Round "2"]
[White "Mwape Dennis"]
[Black "Chiwambo Stansford"]
[Result "1-0"]
[WhiteElo "2013"]
[BlackElo "1936"]
[ECO "A30"]
[WhiteFed "ZAM"]
[BlackFed "MAW"]
[FCGameId "-185544368"]
[WhiteFideId "8708886"]
[BlackFideId "20500530"]
[TimeControl "5400"]

1. c4 c5 2. g3 Nf6 3. Bg2 g6 4. Nc3 Bg7 5. e3 Nc6 6. Nge2 d6 7. O-O O-O 8. d4 cxd4 9. exd4 Bg4 10. Qa4 Qd7 11. Re1 Bxe2 12. Nxe2 Nxd4 13. Qxd7 Nxe2+ 14. Rxe2 Nxd7 15. Rxe7 Nc5 16. Bxb7 Rae8 17. Rxe8 Rxe8 18. Be3 Nxb7 19. Rd1 a5 20. b3 Bc3 21. Kg2 f6 22. Kf3 Kf7 23. Rd5 Re5 24. Rd3 Bb4 25. g4 Bc5 26. Bd2 h5 27. h3 h4 28. Bc3 Re6 29. Rd5 g5 30. Bd2 Re5 31. Rd3 Bb4 32. Be3 1-0

[Event "Malawi Open Chess Chp"]
[Site "followchess.com"]
[Date "2022.06.10"]
[Round "2"]
[White "Shankanga Chrispin"]
[Black "Kalambo Praise"]
[Result "0-1"]
[WhiteElo "1679"]
[BlackElo "1767"]
[ECO "D02"]
[WhiteFed "ZAM"]
[BlackFed "MAW"]
[FCGameId "-440965874"]
[WhiteFideId "8711992"]
[BlackFideId "20506112"]
[TimeControl "5400"]

1. Nf3 d5 2. d4 Bf5 3. c4 e6 4. Nc3 Nf6 5. Bg5 c6 6. e3 Be7 7. cxd5 exd5 8. Bd3 Ne4 9. Bxe7 Qxe7 10. O-O O-O 11. Rc1 Nd7 12. h3 Ndf6 13. a3 Rfe8 14. Ne5 Rad8 15. b4 Nxc3 16. Rxc3 Bxd3 17. Qxd3 Ne4 18. Rc2 f6 19. Nf3 Nd6 20. a4 a6 21. Rb1 Nc4 22. b5 Na3 23. Rc5 Nxb1 24. Qxb1 cxb5 25. axb5 axb5 26. Qxb5 Qd7 27. Qb3 Re6 28. Nd2 Kh8 29. Rb5 Re7 30. Qb4 h6 31. Nb3 Rb8 32. Nc5 Qc8 33. Nd3 Rd7 34. Nc5 Rf7 35. Rb6 Ra8 36. Qb2 Re7 37. Rd6 Qf5 38. Qb6 Ra1+ 39. Kh2 Re8 40. Qb2 Rf1 41. Qb5 Qxf2 42. Qxe8+ Kh7 43. Nd3 Qg1+ 44. Kg3 Rf5 45. h4 Qf1 46. Nf4 Qe1+ 47. Kg4 Rxf4+ 48. Kxf4 Qf2+ 49. Kg4 Qxg2+ 50. Kf5 Qh3+ 51. Kf4 g5+ 52. hxg5 hxg5# {-error} 0-1

[Event "Malawi Open Chess Chp"]
[Site "followchess.com"]
[Date "2022.06.10"]
[Round "2"]
[White "Mkwezalamba Elija"]
[Black "Nyama Peter"]
[Result "0-1"]
[WhiteElo "1563"]
[BlackElo "1851"]
[ECO "C45"]
[WhiteFed "MAW"]
[BlackFed "MAW"]
[FCGameId "537670543"]
[WhiteFideId "20508042"]
[BlackFideId "20501927"]
[TimeControl "5400"]

1. e4 e5 2. Nf3 Nc6 3. d4 exd4 4. Nxd4 Nf6 5. Nc3 Bb4 6. Nxc6 bxc6 7. Bd3 O-O 8. Bg5 h6 9. Bh4 d5 10. O-O Bxc3 11. bxc3 g5 12. e5 gxh4 13. exf6 Qxf6 14. Qd2 h3 15. f4 Kh8 16. g3 Bg4 17. Rae1 Rae8 18. Re5 Kg7 19. Qe3 Rxe5 20. fxe5 Qg5 21. Rf4 Be6 22. a4 Rb8 23. Kf2 Rb1 24. c4 Rh1 25. cxd5 cxd5 26. Qf3 Rxh2+ 27. Kf1 Qxe5 28. Bf5 Qa1+ 0-1

[Event "Malawi Open Chess Chp"]
[Site "followchess.com"]
[Date "2022.06.10"]
[Round "2"]
[White "Nanthambwe Hubert"]
[Black "Ngwira Davis Paul"]
[Result "0-1"]
[WhiteElo "1840"]
[BlackElo "1660"]
[ECO "B07"]
[WhiteFed "MAW"]
[BlackFed "MAW"]
[FCGameId "-1115760111"]
[WhiteFideId "20501099"]
[BlackFideId "20501447"]
[TimeControl "5400"]

1. e4 d6 2. d4 g6 3. Be3 Bg7 4. Nc3 Nf6 5. f3 Nbd7 6. Qd2 c5 7. Nge2 Qa5 8. Ng3 h5 9. h4 a6 10. Kf2 b5 11. a3 Rb8 12. Be2 c4 13. Rhd1 e6 14. Kf1 Bb7 15. Bg5 O-O 16. Bh6 Kh7 17. Bxg7 Kxg7 18. Qg5 Qc7 19. 
f4 Nh7 20. Nxh5+ Kh8 21. Qh6 gxh5 22. Bxh5 Nf6 23. Bf3 Rg8 24. h5 Rg3 25. f5 Rg5 26. fxe6 Ng8 27. Qxg5 Nxg5 
28. exf7 Qxf7 29. Kf2 Nxe4+ 30. Nxe4 Bxe4 31. Rh1 Bxf3 32. gxf3 Qf4 33. Kf1 0-1